AoeStats
← Abdusancak

Arabia

506400253Analyzed
1v1 RM · 20d ago on Sep 13, 2026· 34m 27s· 2 players
Game mode
Random Map
Map size
Tiny (2 player)
Population
200
Speed
Normal
Resources
Standard
Victory
Conquest
Starting age
Dark Age
Ending age
Imperial Age
RankedLock teamsTeams togetherTeam positionsShared explorationLock speedFull tech treeHidden civsTurbo modeCheats
Victory
Defeat
🇨🇳 Japanese · China
780
+16
🇹🇷 Mongols · Türkiye
772
-16
Abdusancak
8:15 Loom
11:08 Feudal Age
11:42 Horse Collar
11:48 Double-Bit Axe
27:23 Castle Age
noobgamer
0:30 Loom
11:40 Feudal Age
12:21 Double-Bit Axe
13:20 Man-at-Arms
16:07 Forging
15:58 Scale Mail Armor
24:02 Castle Age
22:45 Gold Mining
22:45 Stone Mining
22:39 Horse Collar
23:43 Fletching
24:41 Town Watch
25:20 Bow Saw
24:43 Pikeman
25:24 Squires
28:21 Bodkin Arrow
29:06 Heavy Plow
32:28 Wheelbarrow
32:35 Iron Casting
32:15 Chain Mail Armor
Connection lost

Rejoining the realm…

Still unreachable

The connection could not be restored.

Session expired

The server has moved on; the page needs a fresh start.